 Dungeon Crawl Stone Soup version 0.24.0-125-gc4c63601f3 (webtiles) character file.

Game seed: 7763783358499104544, levelgen mode: deterministic

74662 nightchill the Bewitcher (level 15, 0/127 HPs)
             Began as a Vampire Enchanter on Mar 15, 2020.
             Was the Champion of Dithmenos.
             Slain by an ufetubus (1 damage)
             ... summoned by a ynoxinul
             ... while paralysed by accursed screaming
             ... on level 3 of the Abyss on Mar 20, 2020.
             The game lasted 02:59:07 (36082 turns).

nightchill the Bewitcher (Vampire Enchanter)       Turns: 36082, Time: 02:59:08

Health: 0/127      AC: 11    Str: 10    XL:     15   Next: 7%
Magic:  26/31      EV:  2    Int: 19    God:    Dithmenos [******]
Gold:   262        SH:  0    Dex: 15    Spells: 5/24 levels left

rFire    . . .     SeeInvis +   b - +2 short sword (elec)
rCold    + + +     Gourm    .   S - +0 buckler of Fallacy {rElec} (curse)
rNeg     . . .     Faith    .   q - +1 ring mail {rC+}
rPois    +         Spirit   .   j - +1 helmet "Fiwenir" {rC++ Regen+}
rElec    +         Reflect  .   p - +0 cloak
rCorr    .         Harm     .   W - +0 pair of gloves
MR       +....                  l - +0 pair of boots
Stlth    ++........             c - amulet of the acrobat
HPRegen  0.00/turn              s - ring of magical power
MPRegen  0.22/turn              C - ring of poison resistance

@: paralysed, about to teleport, contaminated, non-regenerating, mildly
diseased, glowing, invisible (but backlit and visible)
A: no food, fangs 3, repulsion field 2, see invisible, screaming 1, weak 1,
unbreathing, no potion heal 1
a: Exsanguinate, Shadow Step, Shadow Form, Renounce Religion


You were on level 3 of the Abyss.
You worshipped Dithmenos.
Dithmenos was exalted by your worship.
You were alive.

You visited 6 branches of the dungeon, and saw 24 of its levels.
You visited the Abyss 1 time.
You also visited: Ossuary and Bailey.

You collected 2194 gold pieces.
You spent 1932 gold pieces at shops.

Inventory:

Hand Weapons
 a - a +3 dagger of venom
 b - a +2 short sword of electrocution (weapon)
 O - a +1 long sword of electrocution
 T - a +0 short sword of speed
Missiles
 h - 614 stones (quivered)
 G - 5 throwing nets
 X - 3 curare-tipped darts
Armour
 j - the +1 helmet "Fiwenir" (worn) {rC++ Regen+}
   (You bought it in a shop on level 2 of the Orcish Mines)

   It greatly protects you from cold.
   It increases your rate of regeneration.
 l - a +0 pair of boots (worn)
 p - a +0 cloak (worn)
 q - a +1 ring mail of cold resistance (worn)
 R - the cursed +1 scale mail of Dice, Bag, and Bottle {Int+4}
   (You found it on level 1 of the Elven Halls)

   It affects your intelligence (+4).
   It has a curse placed upon it.
 S - the cursed +0 buckler of Fallacy (worn) {rElec}
   (You found it on level 1 of the Elven Halls)

   It insulates you from electricity.
   It has a curse placed upon it.
 W - a +0 pair of gloves (worn)
 Y - a +1 helmet
Jewellery
 c - an amulet of the acrobat (around neck)
 s - a ring of magical power (left hand)
 B - an uncursed amulet of regeneration
 C - a ring of poison resistance (right hand)
Wands
 o - a wand of digging (19)
 y - a wand of enslavement (6)
 F - a wand of iceblast (7)
 H - a wand of flame (25)
 K - a wand of paralysis (9)
 L - a wand of clouds (5)
 M - a wand of scattershot (6)
 Z - a wand of acid (27)
Scrolls
 d - 4 scrolls of remove curse
 f - 3 scrolls of blinking
 m - a scroll of summoning
 r - a scroll of identify
 t - 3 scrolls of immolation
 v - 6 scrolls of teleportation
 x - 4 scrolls of amnesia
 D - a scroll of brand weapon {unknown}
 E - 3 scrolls of enchant weapon
 I - 4 scrolls of enchant armour
 N - 3 scrolls of magic mapping
 P - a scroll of silence {unknown}
 Q - 3 scrolls of fog
Potions
 e - 11 potions of curing
 g - 7 potions of haste
 i - 6 potions of flight
 k - 9 potions of heal wounds
 n - a potion of magic
 w - 2 potions of brilliance
 z - 2 potions of invisibility
 A - 2 potions of cancellation
 J - 4 potions of lignification
 U - a potion of agility
 V - a potion of might
Miscellaneous
 u - a lightning rod (4/4)


   Skills:
 * Level 14.6 Fighting
 - Level 12.0 Short Blades
 + Level 11.1 Dodging
 + Level 13.5 Stealth
 * Level 1.2 Shields
 - Level 5.0 Spellcasting
 + Level 16.3 Hexes


You had 5 spell levels left.
You knew the following spells:

 Your Spells              Type           Power        Failure   Level  Hunger
a - Corona                Hex            ######.      1%          1    N/A
b - Summon Butterflies    Summ           #.......     41%         1    N/A
c - Tukima's Dance        Hex            ######..     1%          3    N/A
d - Confuse               Hex            ######..     1%          3    N/A
e - Dazzling Spray        Conj/Hex       #####.       4%          3    N/A
f - Invisibility          Hex            ######..     9%          6    N/A
g - Slow                  Hex            ######..     1%          2    N/A

Your spell library contained the following spells:

 Spells                   Type           Power        Failure   Level  Hunger
 Confusing Touch          Hex            ######       1%          1    N/A
 Cause Fear               Hex            ######....   1%          4    N/A
 Ensorcelled Hibernation  Hex/Ice        #####.       2%          2    N/A
 Inner Flame              Hex/Fire       #####...     4%          3    N/A
 Portal Projectile        Hex/Tloc       #####.       4%          3    N/A
 Leda's Liquefaction      Hex/Erth       #####.....   16%         4    N/A
 Animate Skeleton         Necr           N/A          41%         1    N/A
 Apportation              Tloc           #.....       41%         1    N/A
 Summon Small Mammal      Summ           #...         41%         1    N/A
 Silence                  Hex/Air        #####.....   41%         5    N/A
 Yara's Violent Unravell  Hex/Tmut       #####.....   41%         5    N/A
 Poisonous Vapours        Pois/Air       #.....       56%         2    N/A
 Conjure Flame            Conj/Fire      #.......     80%         3    N/A
 Lesser Beckoning         Tloc           #.........   80%         3    N/A
 Mephitic Cloud           Conj/Pois/Air  #.......     80%         3    N/A
 Alistair's Intoxication  Tmut/Pois      #.......     100%        5    N/A
 Discord                  Hex            ######....   98%         8    N/A
 Deflect Missiles         Chrm/Air       #.........   100%        6    N/A
 Freezing Cloud           Conj/Ice/Air   #.........   100%        6    N/A
 Ring of Flames           Chrm/Fire      #.........   100%        7    N/A

Dungeon Overview and Level Annotations

Branches:
Dungeon (13/15)            Temple (1/1) D:5            Lair (6/6) D:11
 Shoals (1/4) Lair:3       Spider (0/4) Lair:2        Slime (0/5) Lair:6
    Orc (2/2) D:12            Elf (1/3) Orc:2        Vaults (0/5) D:13
Ossuary (visited)          Bailey (visited)

Altars:
Ashenzari
Cheibriados
Dithmenos
Elyvilon
Fedhas
Gozag
Hepliaklqana
Kikubaaqudgha
Makhleb
Nemelex Xobeh
Okawaru
Qazlal
Ru
Sif Muna
Trog
Uskayaw
Vehumet
Wu Jian
The Shining One
Beogh

Shops:
D:4 :   D:6 *   D:8 ?   D:9 =   D:12 [   Orc:2 [%![

Portals:
Desolation: Elf:1

Annotations:
D:3 3 runed translucent doors, Tommers's ghost, amateur HOMo
D:6 exclusion: 2 downstairs
D:7 exclusion: 2 downstairs
D:9 exclusion: 2 downstairs
D:12 exclusion: downstairs
Lair:2 exclusion: downstairs
Shoals:1 1 runed translucent door
Orc:1 3 runed translucent doors, Yermak's ghost, journeyman CeTm


Innate Abilities, Weirdness & Mutations

You do not eat.
Your natural rate of healing is unusually fast.
You have razor-sharp teeth.
You have supernaturally acute eyesight. (SInv)
You can survive without breathing.
You are surrounded by a moderate repulsion field. (EV +3)
You occasionally shout uncontrollably at your foes.
You are weak. (Str -2)
Potions are less effective at restoring your health.


Message History

The starcursed mass engulfs you!
The large abomination completely misses you.
The ufetubus completely misses you. x2; The starcursed mass engulfs you!
The ufetubus completely misses you. x2
A cacophony of accursed wailing tears at your sanity!
* * * LOW HITPOINT WARNING * * *
You suddenly lose the ability to move!
The ufetubus hits you but does no damage.
The ufetubus hits you.
* * * LOW HITPOINT WARNING * * *
The starcursed mass engulfs you.
* * * LOW HITPOINT WARNING * * *
The starcursed mass engulfs you.
* * * LOW HITPOINT WARNING * * *
The starcursed mass completely misses you.
The large abomination hits you!!
* * * LOW HITPOINT WARNING * * *
You hear a shout!
The ufetubus hits you.
You die...

#..#. 5. ... ##..
#§... . ## #.#5X #§
. .# 5 #####. # #
###. ##.X.5#...#
#.##.#5#### 5555##
.. .
.....§5X##ZR5#.#
#.# . x#...5X@XX#R
##.#.# .
.....5X5XX5#####R..
. ....#X53X#xW..#
.#R ≈≈ ...#..###
..#.# ... ≈ .....
.... . #. .....
...# .. ###'# .. ..
.. .


You could see 8 starcursed masses, an eidolon, a rakshasa, 2 large abominations,
a ynoxinul, a small abomination, 11 ufetubi and a spriggan zombie.

Vanquished Creatures
  An orc warlord (Bailey)
  An entropy weaver (D:13)
  A dire elephant (Lair:6)
  Fannar (D:11)
  4 hydras
  2 catoblepae
  2 centaur warriors (D:13)
  A two-headed ogre (Orc:1)
  11 death yaks
  A deep troll shaman (Lair:6)
  A queen ant (D:13)
  Urug (D:10)
  A shock serpent (shapeshifter) (Elf:1)
  4 skeletal warriors (D:13)
  A deep elf archer (Elf:1)
  5 deep elf magi
  2 orc knights
  A faun (Shoals:1)
  10 orc sorcerers
  4 merfolk sirens
  3 elephants (Lair:6)
  4 black mambas
  4 spiny frogs
  A rime drake (Lair:6)
  3 kobold demonologists (D:13)
  7 komodo dragons
  2 centaur skeletons
  2 merfolk
  4 polar bears
  5 trolls
  Grinder (D:5)
  A jumping spider (Lair:2)
  2 meliai zombies
  12 blink frogs
  4 hippogriffs
  3 slime creatures
  3 dancing weapons
  A centaur simulacrum (D:13)
  6 spriggans
  24 yaks
  2 wyverns
  11 wargs
  An acid dragon (D:11)
  15 soldier ants
  12 water moccasins
  5 porcupines
  21 orc warriors
  A phantom (D:6)
  4 ice beasts
  3 sky beasts
  A black bear (Lair:6)
  4 ogres
  18 wolves
  10 centaurs
  13 crocodiles
  4 big kobolds
  15 bullfrogs
  A wyvern zombie (D:7)
  A water moccasin zombie (D:8)
  7 scorpions
  5 killer bees (D:9)
  11 wights
  11 howler monkeys
  5 crimson imps
  13 orc priests
  A bullfrog zombie (D:13)
  A gnoll shaman (D:7)
  9 jellies
  11 hounds
  A human zombie (Ossuary)
  27 orc wizards
  6 bullfrog skeletons
  2 iguanas
  Natasha (thrice) (D:2)
  28 worker ants
  A killer bee zombie (D:10)
  2 hound zombies
  A hound skeleton (D:4)
  3 mummies (Ossuary)
  A howler monkey skeleton (D:7)
  A worker ant zombie (D:6)
  Robin (D:3)
  23 gnolls
  13 adders
  4 shadow imps
  6 oozes
  An adder skeleton (D:4)
  2 adder zombies
  3 worms
  4 dart slugs
  5 leopard geckos
  90 orcs
  6 giant cockroaches
  2 gnoll zombies (Ossuary)
  28 goblins
  28 hobgoblins
  10 jackals
  4 quokkas
  4 ball pythons
  8 bats
  6 frilled lizards
  A goblin zombie (Ossuary)
  4 hobgoblin zombies (Ossuary)
  23 kobolds
  2 kobold zombies (Ossuary)
  2 quokka skeletons
  A quokka zombie (D:6)
  7 rats
  A rat zombie (D:6)
  5 fungi
733 creatures vanquished.

Vanquished Creatures (collateral kills)
  An orc warrior (Bailey)
  An ogre (D:7)
  8 gnolls
  3 orcs
  7 goblins (Bailey)
  6 hobgoblins (Bailey)
  A kobold (D:1)
27 creatures vanquished.

Vanquished Creatures (others)
  6 dancing weapons
  An orc wizard (Orc:2)
  2 orcs (Orc:2)
  8 fungi
  11 plants
  14 starspawn tentacles (Abyss:3)
42 creatures vanquished.

Grand Total: 802 creatures vanquished

Notes
Turn   | Place    | Note
-------+----------+-------------------------------------------
     0 | D:1      | nightchill the Vampire Enchanter began the quest for the
                  | Orb.
     0 | D:1      | Reached XP level 1. HP: 13/13 MP: 3/3
   223 | D:1      | Reached XP level 2. HP: 19/20 MP: 3/5
   227 | D:1      | Learned a level 2 spell: Ensorcelled Hibernation
   306 | D:1      | Reached skill level 1 in Fighting
   486 | D:1      | Reached XP level 3. HP: 26/26 MP: 4/6
   508 | D:1      | Learned a level 3 spell: Tukima's Dance
   727 | D:1      | Reached skill level 5 in Hexes
  1064 | D:2      | Noticed Natasha
  1357 | D:2      | Reached XP level 4. HP: 28/32 MP: 1/7
  1831 | D:2      | Found a faded altar of an unknown god.
  2447 | D:3      | Noticed an ogre
  2457 | D:3      | Killed an ogre
  2457 | D:3      | Reached XP level 5. HP: 33/38 MP: 5/8
  2526 | D:3      | Found a runed translucent gate.
  2526 | D:3      | Found a runed translucent gate.
  2526 | D:3      | Found a runed translucent gate.
  2526 | D:3      | Noticed Tommers's ghost (amateur HOMo)
  2789 | D:3      | Reached skill level 6 in Hexes
  3186 | D:4      | Noticed Robin
  3366 | D:3      | Reached XP level 6. HP: 46/46 MP: 6/9
  3414 | D:3      | Killed Robin
  3578 | D:4      | Reached skill level 5 in Short Blades
  3606 | D:4      | Found Woiluatt's Book Boutique.
  4091 | D:4      | Learned a level 3 spell: Confuse
  4768 | D:4      | Found a sacrificial altar of Ru.
  4885 | D:5      | Entered Level 5 of the Dungeon
  4980 | D:5      | Noticed an ice beast
  4987 | D:5      | Killed an ice beast
  4987 | D:5      | Reached XP level 7. HP: 52/52 MP: 6/10
  5084 | D:5      | Found a staircase to the Ecumenical Temple.
  5109 | Temple   | Entered the Ecumenical Temple
  5141 | Temple   | Became a worshipper of Dithmenos the Shadowed
  5207 | D:5      | Reached skill level 7 in Hexes
  5836 | D:2      | Killed Natasha
  6032 | D:2      | Noticed Natasha
  6044 | D:2      | Killed Natasha
  6128 | D:2      | Noticed Natasha
  6137 | D:2      | Killed Natasha
  6226 | D:6      | Noticed Grinder
  6294 | D:5      | Killed Grinder
  6294 | D:5      | Reached XP level 8. HP: 21/60 MP: 9/12
  6467 | D:6      | Found a sand-covered staircase.
  6646 | Ossuary  | Entered an ossuary
  7088 | Ossuary  | Reached skill level 8 in Hexes
  7421 | D:6      | Learned a level 3 spell: Dazzling Spray
  7834 | D:6      | Found Rumn's General Store.
  8168 | D:7      | Reached * piety under Dithmenos
  8286 | D:7      | Found a hide-covered altar of Uskayaw.
  8310 | D:7      | Reached skill level 9 in Hexes
  8375 | D:6      | Reached XP level 9. HP: 66/66 MP: 15/15
  8845 | D:7      | Reached skill level 5 in Fighting
  9306 | D:8      | Found Ruedeoh's Magic Scroll Shop.
  9691 | D:8      | Reached ** piety under Dithmenos
  9750 | D:7      | Reached skill level 5 in Spellcasting
  9929 | D:7      | Reached skill level 10 in Hexes
 10066 | D:8      | Reached skill level 10 in Short Blades
 10146 | D:8      | Reached XP level 10. HP: 41/76 MP: 16/17
 10317 | D:8      | Found a stormy altar of Qazlal.
 10965 | D:8      | Found a glowing golden altar of the Shining One.
 10976 | D:8      | Found a shimmering blue altar of Sif Muna.
 10983 | D:8      | Found an opulent altar of Gozag.
 11237 | D:9      | Found Qanik's Jewellery Shop.
 11356 | D:9      | Found a flagged portal.
 11376 | Bailey   | Entered a bailey
 11409 | Bailey   | Reached *** piety under Dithmenos
 11836 | Bailey   | Noticed an orc knight
 11940 | Bailey   | Reached skill level 11 in Hexes
 12029 | Bailey   | Killed an orc knight
 12137 | Bailey   | Noticed an orc warlord
 12168 | Bailey   | Reached **** piety under Dithmenos
 12183 | Bailey   | HP: 2/77 [orc warlord (24)]
 12205 | Bailey   | Killed an orc warlord
 13218 | D:10     | Entered Level 10 of the Dungeon
 13305 | D:10     | Noticed Urug
 13735 | D:10     | Reached skill level 5 in Dodging
 13849 | D:10     | Reached XP level 11. HP: 47/75 MP: 18/18
 14291 | D:10     | Reached skill level 12 in Hexes
 14376 | D:10     | Killed Urug
 14824 | D:10     | Identified 2 scrolls of acquirement
 14856 | D:10     | Got a translucent quick blade
 14857 | D:10     | Identified the +1 quick blade "Panuov" {pain, rC+ MR+
                  | Int+2} (You acquired it on level 10 of the Dungeon)
 15011 | D:11     | Reached skill level 10 in Fighting
 15011 | D:11     | Reached XP level 12. HP: 99/99 MP: 19/19
 15366 | D:11     | Reached skill level 5 in Stealth
 15846 | D:11     | Found a staircase to the Lair.
 16198 | D:11     | Noticed Fannar
 16211 | D:11     | Killed Fannar
 16211 | D:11     | Reached skill level 13 in Hexes
 16639 | Lair:1   | Entered Level 1 of the Lair of Beasts
 16683 | Lair:1   | Noticed a five-headed hydra
 16881 | Lair:1   | Noticed a seven-headed hydra
 16906 | Lair:1   | Killed a seven-headed hydra
 17880 | D:4      | Bought a book of Party Tricks for 700 gold pieces
 17887 | D:4      | Learned a level 6 spell: Invisibility
 18237 | Lair:1   | Killed a five-headed hydra
 19087 | Lair:2   | Found a hole to the Spider Nest.
 19623 | Lair:2   | Reached ***** piety under Dithmenos
 20150 | Lair:2   | Reached XP level 13. HP: 96/107 MP: 17/20
 20400 | Lair:3   | Found a staircase to the Shoals.
 21341 | Lair:4   | Reached skill level 14 in Hexes
 21687 | Lair:4   | Learned a level 1 spell: Summon Butterflies
 22178 | Lair:4   | Learned a level 2 spell: Slow
 23219 | Lair:5   | Reached skill level 10 in Stealth
 24852 | Lair:6   | Entered Level 6 of the Lair of Beasts
 25243 | Lair:6   | Found a staircase to the Slime Pits.
 25877 | Lair:6   | Noticed a dire elephant
 26073 | Lair:6   | Reached skill level 15 in Hexes
 26107 | Lair:6   | Reached XP level 14. HP: 118/118 MP: 21/21
 28043 | D:12     | Found a staircase to the Orcish Mines.
 28043 | D:12     | Found Vuorar's Armour Boutique.
 28832 | D:13     | Noticed an entropy weaver
 28835 | D:13     | Noticed an entropy weaver
 28888 | D:13     | Reached ****** piety under Dithmenos
 28981 | D:13     | Reached skill level 10 in Dodging
 29833 | D:13     | Killed an entropy weaver
 30171 | D:13     | Gained mutation: Your magical capacity is low. (-10% MP)
                  | [mutagenic glow]
 30412 | D:13     | Gained mutation: You are frail. (-10% HP) [mutagenic glow]
 30809 | D:13     | Found a gate to the Vaults.
 30837 | D:13     | Gained mutation: You have sharp toenails. [mutagenic glow]
 30899 | D:12     | Gained mutation: Armour fits poorly on your strangely
                  | shaped body. [mutagenic glow]
 31156 | Lair:6   | Lost mutation: Armour fits poorly on your strangely shaped
                  | body. [potion of mutation]
 31156 | Lair:6   | Lost mutation: You have sharp toenails. [potion of
                  | mutation]
 31156 | Lair:6   | Lost mutation: Your magical capacity is low. (-10% MP)
                  | [potion of mutation]
 31156 | Lair:6   | Lost mutation: You are frail. (-10% HP) [potion of
                  | mutation]
 31156 | Lair:6   | Gained mutation: Potions are less effective at restoring
                  | your health. [potion of mutation]
 31156 | Lair:6   | Gained mutation: You are surrounded by a mild repulsion
                  | field. (EV +2) [potion of mutation]
 31156 | Lair:6   | Gained mutation: You are surrounded by a moderate repulsion
                  | field. (EV +3) [potion of mutation]
 31407 | Orc:1    | Entered Level 1 of the Orcish Mines
 32416 | Orc:2    | Entered Level 2 of the Orcish Mines
 32512 | Orc:1    | Found a runed translucent gate.
 32512 | Orc:1    | Found a runed translucent gate.
 32512 | Orc:1    | Found a runed translucent gate.
 32515 | Orc:1    | Noticed Yermak's ghost (journeyman CeTm)
 32519 | Orc:1    | Noticed an orc warlord
 32520 | Orc:1    | Found a roughly hewn altar of Beogh.
 32663 | Orc:2    | Found a staircase to the Elven Halls.
 32759 | Orc:2    | Found Vuuf's Antique Armour Shop.
 32759 | Orc:2    | Found Mafaosuw's Distillery.
 32787 | Orc:2    | Reached skill level 16 in Hexes
 33555 | Orc:2    | Found Itukay's Food Shop.
 33555 | Orc:2    | Found Kyjotho's Armour Emporium.
 33804 | Orc:2    | Paralysed by an orc sorcerer for 2 turns
 33854 | Orc:2    | Found a roughly hewn altar of Beogh.
 33978 | Orc:2    | Gained mutation: You occasionally shout uncontrollably at
                  | your foes. [mutagenic glow]
 34320 | Orc:2    | Bought a distressingly furry ring mail for 234 gold pieces
 34320 | Orc:2    | Identified the +1 ring mail of Tomorrow {*Corrode rPois
                  | rF++ Slay+3} (You bought it in a shop on level 2 of the
                  | Orcish Mines)
 34353 | Orc:2    | Bought the +1 helmet "Fiwenir" {rC++ Regen+} for 374 gold
                  | pieces
 34486 | D:8      | Bought a scroll of acquirement for 624 gold pieces
 34487 | D:8      | Got a dazzling battleaxe
 34488 | D:8      | Identified the +10 battleaxe "Suerr" {flame, rPois Int+3}
                  | (You acquired it on level 8 of the Dungeon)
 34706 | Shoals:1 | Entered Level 1 of the Shoals
 34741 | Shoals:1 | HP: 4/121 [faun/sling bullet (19)]
 34742 | Shoals:1 | Found a blossoming altar of Fedhas.
 34825 | Shoals:1 | Found a runed translucent door.
 35194 | Elf:1    | Entered Level 1 of the Elven Halls
 35198 | Elf:1    | Got a dazzling scale mail
 35218 | Elf:1    | Got a polished buckler
 35219 | Elf:1    | Identified the cursed +1 scale mail of Dice, Bag, and
                  | Bottle {Int+4} (You found it on level 1 of the Elven Halls)
 35220 | Elf:1    | Identified the cursed +0 buckler of Fallacy {rElec} (You
                  | found it on level 1 of the Elven Halls)
 35502 | Elf:1    | Reached XP level 15. HP: 127/127 MP: 22/22
 35542 | Elf:1    | Found a ruined gateway.
 35593 | Elf:1    | Found an ancient bone altar of Kikubaaqudgha.
 35674 | Elf:1    | Reached skill level 1 in Shields
 35887 | Elf:1    | Noticed a deep elf sorcerer
 35903 | Elf:1    | Cast into level 3 of the Abyss (a deep elf sorcerer)
 35930 | Abyss:3  | Noticed a tentacled starspawn
 35962 | Abyss:3  | Gained mutation: You are weak. (Str -2) [mutagenic glow]
 36075 | Abyss:3  | Paralysed by accursed screaming for 1 turns
 36081 | Abyss:3  | Paralysed by accursed screaming for 2 turns
 36081 | Abyss:3  | HP: 1/127 [large abomination (23)]
 36082 | Abyss:3  | Slain by an ufetubus

Levels and vault maps discovered:
D:1:      saegor_arrival_simple_d, layout_rooms, corner_web_ring
D:2:      layout_basic, chequers_ecumenical_altar_lobes, uniq_natasha
D:3:      layout_basic, first_ration, ebering_ghost_rock_garden
D:4:      layout_cave_pods, nicolae_ru_great_annihilating_truth, serial_shops,
          kennysheep_mini_moat, minmay_goblin_kobold_house, uniq_robin
D:5:      layout_loops_ring, minmay_temple_entry_drinking_statues,
          solitary_fountain
D:6:      layout_loops_ring, enter_ossuary_4, serial_shops,
          kennysheep_little_box, uniq_grinder
D:7:      layout_loops_ring, lemuel_crystal_altar
D:8:      layout_rooms, lemuel_round_altar, minmay_overflow_temple_star_quad,
          serial_shops, shop, st_stairs_13, hangedman_little_slice_of_home
D:9:      layout_rooms, enter_bailey_6, serial_shops, nicolae_shop_statue_plus
D:10:     layout_gridville, uniq_urug
D:11:     layout_gridville, erik_lair_orcish_takeover, uniq_fannar
D:12:     layout_cave_pods, orc_david_3
D:13:     layout_gridville, lightli_vaults_fourway_checkpoint,
          minmay_strange_pillars, minivault_29
Temple:   nicolae_temple_elliptical
Lair:1:   layout_big_grid, grunt_megastairs_5
Lair:2:   layout_roguey, spider_nest_entry_a
Lair:3:   layout_chaotic_city, elwin_shoals_entry_stream, lemuel_fruit_fields,
          infiniplex_staircase_pool_2
Lair:4:   layout_long_grid, gauntlet_entry_generic, serial_bayou_pond_a,
          chequers_serial_rivers_marsh, lemuel_fruit_fields
Lair:5:   layout_cave_shapes, wad_woods_01, lemuel_fruit_fields,
          lemuel_fruit_fields
Lair:6:   grunt_lair_end_beastmaster, layout_regular_city,
          minmay_slime_entry_pillars, chequers_serial_rivers_small_b
Shoals:1: layout_shoals, hangedman_feature_mirror, lightli_airlock, uniq_nikola,
          uniq_frances
Orc:1:    layout_caves, biasface_ghost_orc_armoury
Orc:2:    st_orc_town, layout_caves
Elf:1:    layout_rooms, portal_desolation_entry_nicolae_nacl, basic_altar,
          minmay_elf_sorcery
Abyss:3:  base: D:10, dshaligram_kb_abyss_rune_zappy_water_cross,
          hangedman_shadowy_showcase, evilmike_abyss_rune_ettins,
          evilmike_abyss_rune_ettins, evilmike_abyss_rune_ettins

Skill      XL: |  1  2  3  4  5  6  7  8  9 10 11 12 13 14 15 |
---------------+----------------------------------------------+-----
Short Blades   | 2 3 4 5 6 8 10 11 12 | 12.0
Fighting       | 1 2 3 4 6 7 10 11 13 14 | 14.6
Hexes          | 5 6 7 9 10 11 12 13 15 16 | 16.3
Spellcasting   | 3 4 5 |  5.0
Dodging        | 5 7 9 11 | 11.1
Stealth        | 8 11 13 | 13.5
Shields        | 1 |  1.2

Action                   |  1- 3 |  4- 6 |  7- 9 | 10-12 | 13-15 || total
-------------------------+-------+-------+-------+-------+-------++-------
Melee: Dagger            |   152 |   390 |   457 |   361 |       ||  1360
       Bite              |    10 |    29 |    54 |    78 |   140 ||   311
       Short sword       |       |       |       |   425 |  1263 ||  1688
Throw: Stone             |     1 |     1 |     4 |     4 |     9 ||    19
 Cast: Corona            |    14 |     4 |     7 |     1 |       ||    26
       Ensorcelled Hiber |     7 |    10 |     1 |     2 |       ||    20
       Tukima's Dance    |     4 |     8 |    13 |    25 |     2 ||    52
       Confuse           |       |     3 |    41 |    64 |    39 ||   147
       Dazzling Spray    |       |       |     3 |       |    37 ||    40
       Invisibility      |       |       |       |     7 |    58 ||    65
       Slow              |       |       |       |       |    25 ||    25
       Summon Butterflie |       |       |       |       |     1 ||     1
Invok: Shadow Step       |       |       |       |     1 |       ||     1
 Abil: Exsanguinate      |       |       |       |     3 |       ||     3
       Revivify          |       |       |       |     3 |       ||     3
Evoke: Wand              |       |       |       |    16 |     1 ||    17
  Use: Scroll            |       |    14 |    11 |    11 |     8 ||    44
       Potion            |       |     1 |     1 |     1 |     2 ||     5
 Stab: Sleeping          |     6 |    15 |     6 |    28 |    34 ||    89
       Confused          |       |     3 |    26 |    22 |    22 ||    73
       Distracted        |       |     1 |     1 |     5 |     3 ||    10
       Paralysed         |       |     1 |       |       |       ||     1
       Invisible         |       |       |     1 |     6 |   165 ||   172
       Petrified         |       |       |       |       |     2 ||     2
Armor: Robe              |    36 |       |       |       |       ||    36
       Leather armour    |    11 |    77 |    58 |    39 |    20 ||   205
       Ring mail         |       |       |       |       |   124 ||   124
Dodge: Dodged            |   111 |   193 |   273 |   461 |  1000 ||  2038
Block: Buckler           |       |       |       |       |    25 ||    25
